 Dungeon Crawl Stone Soup version 0.19.1-1-g22dce08 (console) character file.

206833 Grinner the Fencer (level 18, -18/127 HPs)
             Began as a Minotaur Monk on Jan 16, 2017.
             Was an Elder of Lugonu.
             Killed from afar by a deep elf annihilator (70 damage)
             ... with a crystal spear
             ... led by an ironheart preserver
             ... on level 2 of the Vaults on Jan 17, 2017.
             The game lasted 04:38:18 (41674 turns).

Grinner the Fencer (Minotaur Monk)                 Turns: 41674, Time: 04:38:22

Health: -18/127    AC: 20    Str: 20    XL:     18   Next: 8%
Magic:  27/27      EV: 26    Int:  9    God:    Lugonu [****..]
Gold:   1628       SH: 21    Dex: 19    Spells: 2 memorised, 13 levels left

rFire  . . .     SeeInvis .     S - +2 rapier (distort)
rCold  . . .     Gourm    .     L - +5 swamp dragon scales
rNeg   . . .     Faith    .     n - +0 shield
rPois  +         Spirit   .     (helmet restricted)
rElec  .         Reflect  +     w - +0 cloak {MR+}
rCorr  .         Harm     .     r - +2 pair of gloves
MR     +++..                    B - +0 pair of boots
Stlth  +.........               U - +6 amulet of reflection
                                q - +2 ring of slaying
                                K - ring of protection from magic

@: no status effects
A: retaliatory headbutt, horns 2, repulsion field 1, thin metallic scales 2,
clever 1, strong 1
a: Depart the Abyss, Bend Space, Banish, Corrupt, Renounce Religion
}: 1/15 runes: decaying


You were on level 2 of the Vaults.
You worshipped Lugonu.
Lugonu was greatly pleased with you.
You were not hungry.

You visited 8 branches of the dungeon, and saw 35 of its levels.
You visited the Abyss 4 times.
You also visited: Labyrinth and Volcano.

You collected 3285 gold pieces.
You spent 1657 gold pieces at shops.

Inventory:

Hand Weapons
 a - a +2 falchion of draining
 d - a +2 rapier of holy wrath
 k - a +2 long sword of flaming
 s - a +1 short sword of venom
 S - a +2 rapier of distortion (weapon)
 X - a +6 falchion of slicing
Armour
 n - a +0 shield (worn)
 r - a +2 pair of gloves (worn)
 w - a +0 cloak of magic resistance (worn)
 B - a +0 pair of boots (worn)
 L - +5 swamp dragon scales (worn)
Rods
 f - a +4 lightning rod (11/11)
   (You found it in a labyrinth)
 P - a +2 rod of clouds (10/10)
   (You found it on level 3 of the Snake Pit)
Jewellery
 o - an uncursed amulet of regeneration
 q - a +2 ring of slaying (right hand)
 y - an uncursed ring of flight
 G - an uncursed ring of protection from cold
 K - a ring of protection from magic (left hand)
 U - a +6 amulet of reflection (around neck)
Wands
 b - a wand of iceblast (1/15)
 g - a wand of digging (9/24)
 l - a wand of teleportation (3/9)
 C - a wand of iceblast (1/15)
 D - a wand of digging (2/24)
 F - a wand of digging (9/24)
 H - a wand of lightning (2/15)
 M - a wand of paralysis (0/24)
 T - a wand of lightning (7/15)
Scrolls
 h - a scroll of silence
 i - a scroll of torment
 j - 14 scrolls of remove curse
 I - 4 scrolls of recharging
 R - 3 scrolls of enchant weapon
 W - a scroll of holy word
 Y - 2 scrolls of brand weapon
Potions
 c - a potion of berserk rage {unknown}
 e - 2 potions of resistance
 m - 3 potions of magic
 v - a potion of agility
 x - 2 potions of lignification
 E - 4 potions of cancellation
 O - a potion of flight
 Q - 2 potions of might
Books
 V - a book of Power

   Spells                             Type                      Level
   a - Fulminant Prism                Conjuration/Hexes            4
   b - Iskenderun's Mystic Blast      Conjuration                  4
   c - Venom Bolt                     Conjuration/Poison           5
   d - Bolt of Magma                  Conjuration/Fire/Earth       5
   e - Iron Shot                      Conjuration/Earth            6
   f - Orb of Destruction             Conjuration                  7
   g - Spellforged Servitor           Conjuration/Summoning        7
Miscellaneous
 z - a fan of gales
 A - a phial of floods (inert)
 J - a lamp of fire
 Z - a disc of storms
Comestibles
 p - 4 beef jerkies
 t - 17 royal jellies
 u - 21 fruits
 N - a meat ration


   Skills:
 - Level 3.6 Fighting
 - Level 13.9(16.7) Short Blades
 - Level 17.0(19.0) Long Blades
 + Level 16.5 Dodging
 - Level 1.5 Stealth
 + Level 16.5 Shields
 - Level 4.0 Summonings
 + Level 14.2 Invocations
 + Level 7.4 Evocations


You had 13 spell levels left.
You knew the following spells:

 Your Spells              Type           Power        Failure   Level  Hunger
c - Call Canine Familiar  Summ           #.......     38%         3    ####...
z - Summon Butterflies    Summ           #.......     14%         1    ##.....


Dungeon Overview and Level Annotations

Branches:
Dungeon (15/15)            Temple (1/1) D:7            Lair (6/6) D:10
  Swamp (4/4) Lair:3        Snake (4/4) Lair:2        Slime (0/5) Lair:5
    Orc (2/2) D:12            Elf (1/3) Orc:2        Vaults (2/5) D:14
  Crypt: Vaults:2-3  Depths: D:15

Altars:
Ashenzari
Cheibriados
Dithmenos
Elyvilon
Fedhas
Gozag
Hepliaklqana
Kikubaaqudgha
Makhleb
Nemelex Xobeh
Okawaru
Qazlal
Ru
Sif Muna
Trog
Uskayaw
Vehumet
Xom
Yredelemnul
Zin
The Shining One
Beogh
Lugonu

Shops:
D:10 (   Orc:2 :*?[(

Portals:
Trove: D:12 (give 8 scrolls of blinking)

Annotations:
Swamp:4 corrupted
Snake:3 Mara, Saint Roka, Vashnia
Snake:4 corrupted, 2 exclusions
Vaults:2 corrupted


Innate Abilities, Weirdness & Mutations

You reflexively headbutt those who attack you in melee.
You have a pair of horns on your head.
You are surrounded by a mild repulsion field. (EV +2)
You are mostly covered in thin metallic scales. (AC +3)
Your mind is acute. (Int +2)
Your muscles are strong. (Str +2)


Message History

You block the slime creature's attack.
You closely miss the harpy.
The harpy is severely wounded.
The harpy misses you. The harpy closely misses you.
Your water elemental closely misses the harpy.
The deep elf annihilator casts a spell at you.
The crystal spear misses you.
You barely miss the harpy. You headbutt the harpy!
The harpy is almost dead.
The harpy misses you. You block the harpy's attack.
Two slime creatures merge to form a large slime creature.
Your water elemental barely misses the ironbrand convoker zombie.
You puncture the harpy!
You kill the harpy!
Lugonu accepts your kill.
Two slime creatures merge to form a very large slime creature.
The deep elf annihilator casts a spell at you.
The crystal spear hits you!
Ouch! That really hurt!
You die...

##########....
.##....(..#....
#.##.......#.... ##
#.###.......#....
#)#)#.##...(...#....
#)#.# #...)(..#....
#...#)# #.(..(..#....
#+#####+########'###....
...JJ.J@.Z..............
......e.E.E.............
..J.........≈...........
............)≈..........
####################....
#.... ##########....
#.......##....
#<......##....


You could see a deep elf annihilator, a very large slime creature, 3 slime
creatures, an ironbrand convoker zombie and 2 friendly water elementals.

Vanquished Creatures
  Jorgrun (Swamp:3)
  2 thorn hunters
  3 tentacled starspawn
  3 nagarajas (Snake:2)
  An orc warlord (Orc:2)
  A deep elf sorcerer (Vaults:2)
  A vault warden (Vaults:2)
  Aizul (Abyss:1)
  An ironheart preserver (Vaults:2)
  A fire dragon (Lair:6)
  A minotaur (Lab)
  Erolcha (Orc:2)
  An ice dragon (Lair:6)
  18 hydras
  6 anacondas
  A death knight (D:13)
  7 naga warriors
  2 dancing weapons (D:14)
  2 tengu warriors (D:14)
  4 alligators
  An orc high priest (Orc:2)
  A thrashing horror (Abyss:2)
  A hell hog (Abyss:2)
  An ogre mage (Orc:2)
  Urug (Lair:3)
  12 naga sharpshooters
  A shock serpent (Snake:1)
  Nergalle (Orc:2)
  A wretched star (Abyss:1)
  A sixfirhy (Abyss:1)
  A salamander mystic (Snake:4)
  A skeletal warrior (D:13)
  5 spriggan druids
  3 hill giants
  5 swamp dragons
  2 naga ritualists
  A harpy (shapeshifter) (D:15)
  A lindwurm (Lair:6)
  6 deep elf magi
  A necromancer (Vaults:2)
  2 shambling mangroves
  An ironbrand convoker (Vaults:2)
  Pikel (D:7)
  An orc knight (Vaults:2)
  7 harpies (Vaults:2)
  7 ugly things
  9 mana vipers
  A cyclops (Vaults:1)
  A manticore (D:12)
  An oklob plant (D:10)
  11 orc sorcerers
  A worldbinder (Abyss:1)
  6 salamanders
  A centaur zombie (D:12)
  2 large abominations (Abyss:1)
  A vault sentinel (Vaults:2)
  27 black mambas
  2 guardian serpents
  16 elephants
  An ice statue (Swamp:1)
  4 gargoyles (Lab)
  A smoke demon (Abyss:1)
  5 torpor snails
  18 spiny frogs
  16 naga magi
  12 komodo dragons
  2 freezing wraiths
  A rime drake (Lair:6)
  5 yaktaurs (Vaults:2)
  A yaktaur (shapeshifter) (Vaults:2)
  The ghost of brainwrinkle the Changer, a novice OpTm of Okawaru (D:5)
  An ancient zyme (Abyss:1)
  A queen bee (D:10)
  15 hornets
  9 polar bears
  2 trolls
  Grinder (D:3)
  6 tyrant leeches
  8 raiju
  9 bog bodies
  11 blink frogs
  9 hippogriffs
  19 slime creatures
  Prince Ribbit (D:7)
  9 dream sheep
  A raiju (shapeshifter) (D:13)
  2 wraiths (D:13)
  8 spriggans
  A water elemental (D:14)
  3 shadows
  2 wyverns
  50 yaks
  A basilisk (D:13)
  3 fire bats (Volcano)
  A neqoxec (Abyss:2)
  3 steam dragons
  6 vampire mosquitoes
  4 hungry ghosts
  Menkaure (D:7)
  21 swamp worms
  3 wargs
  9 insubstantial wisps
  A mottled dragon (Lair:6)
  28 nagas
  14 water moccasins
  6 porcupines
  25 orc warriors
  12 swamp drakes
  A deep troll skeleton (Vaults:2)
  An ice beast (D:9)
  8 black bears
  8 ogres
  4 sky beasts
  A starcursed mass (Abyss:2)
  3 phantoms
  A necrophage (D:11)
  12 wolves
  10 centaurs
  14 crocodiles
  13 bullfrogs
  3 small abominations
  7 big kobolds
  A wyvern zombie (D:8)
  A wyvern skeleton (D:9)
  31 killer bees
  4 scorpions
  A wight (Abyss:2)
  2 electric eels (Lair:3)
  5 crimson imps
  4 bullfrog zombies
  10 hounds
  A human simulacrum (Vaults:1)
  4 lava snakes (Lab)
  An iron imp (Abyss:2)
  A quasit (Abyss:2)
  A bullfrog skeleton (D:11)
  21 orc priests
  3 jellies
  32 orc wizards
  3 centaur skeletons
  3 iguanas
  17 worker ants
  A killer bee zombie (D:7)
  A hound zombie (D:11)
  A hound skeleton (D:9)
  2 worker ant zombies (D:6)
  8 gnolls
  12 adders
  A shadow imp (D:6)
  2 ufetubi (Abyss:1)
  4 oozes
  2 adder skeletons
  A worm (D:2)
  4 dart slugs
  5 leopard geckos
  82 orcs
  15 bats
  7 giant cockroaches
  7 goblins
  3 hobgoblins
  32 kobolds
  4 quokkas
  5 frilled lizards
  2 quokka skeletons
  13 rats
  3 briar patches (Swamp:2)
  A plant (D:10)
  A toadstool (Swamp:2)
1027 creatures vanquished.

Vanquished Creatures (others)
  4 stone giants
  A fire dragon (Vaults:2)
  3 naga warriors (Snake:4)
  A great orb of eyes (Vaults:2)
  A yaktaur captain (Vaults:1)
  4 hydras
  2 ghost crabs (Swamp:4)
  A centaur warrior (Volcano)
  4 alligators
  6 naga sharpshooters
  4 shock serpents
  A spriggan rider (Swamp:4)
  A salamander mystic (Snake:4)
  5 swamp dragons
  3 naga ritualists
  2 deep elf archers (Vaults:2)
  A tengu zombie (Vaults:2)
  3 orc knights (Vaults:2)
  A wizard (Vaults:2)
  An ironbrand convoker (Vaults:2)
  A mana viper (Snake:4)
  2 salamanders
  An orc sorcerer (Vaults:2)
  A cyclops (Vaults:2)
  2 guardian serpents (Snake:4)
  4 black mambas
  2 torpor snails (Lair:6)
  A vault sentinel (Vaults:2)
  5 naga magi (Snake:4)
  3 spiny frogs
  A dire elephant skeleton (Abyss:2)
  4 yaktaurs (Vaults:2)
  A troll (Orc:1)
  5 tyrant leeches
  4 hornets
  4 slime creatures
  A raiju (Abyss:1)
  3 spriggans (Swamp:4)
  A basilisk (Lair:2)
  A vampire mosquito (Swamp:3)
  3 insubstantial wisps (Swamp:4)
  7 nagas
  3 swamp drakes
  A sky beast (D:15)
  A small abomination (Abyss:1)
  An ogre (Vaults:2)
  3 centaurs
  A human zombie (Vaults:2)
  A jelly (D:7)
  An orc wizard (Orc:1)
  2 orcs
  3 briar patches (Swamp:2)
  A bush (D:8)
  10 fungi
  33 plants
  13 starspawn tentacles
  6 toadstools (Swamp:2)
186 creatures vanquished.

Grand Total: 1213 creatures vanquished

Notes
Turn   | Place    | Note
-------+----------+-------------------------------------------
     0 | D:1      | Grinner the Minotaur Monk began the quest for the Orb.
     0 | D:1      | Reached XP level 1. HP: 19/19 MP: 0/0
   181 | D:1      | Reached XP level 2. HP: 24/26 MP: 1/1
   192 | D:1      | Reached skill level 4 in Long Blades
   757 | D:1      | Reached XP level 3. HP: 31/31 MP: 2/2
  1013 | D:2      | Found a white marble altar of Elyvilon.
  1018 | D:2      | Found a blossoming altar of Fedhas.
  1024 | D:2      | Found a deep blue altar of Sif Muna.
  1196 | D:2      | Found a glowing silver altar of Zin.
  1397 | D:2      | Reached skill level 5 in Long Blades
  1397 | D:2      | Reached XP level 4. HP: 39/39 MP: 3/3
  1784 | D:2      | Found a glowing golden altar of the Shining One.
  1998 | D:3      | Reached skill level 5 in Dodging
  1998 | D:3      | Reached XP level 5. HP: 34/45 MP: 4/4
  2108 | D:3      | Reached skill level 1 in Short Blades
  2149 | D:3      | Noticed Grinder
  2244 | D:3      | Found a faded altar of an unknown god.
  2308 | D:3      | Became a worshipper of Lugonu the Unformed
  2308 | D:3      | Reached * piety under Lugonu
  2308 | D:3      | Reached ** piety under Lugonu
  2308 | D:3      | Reached *** piety under Lugonu
  2335 | D:3      | Paralysed by Grinder for 5 turns
  2342 | D:3      | Killed Grinder
  2342 | D:3      | Reached skill level 6 in Long Blades
  2342 | D:3      | Reached XP level 6. HP: 11/51 MP: 5/5
  2700 | D:4      | Gained mutation: Your muscles are strong. (Str +2) [potion of mutation]
  2700 | D:4      | Gained mutation: You evolve. [potion of mutation]
  2700 | D:4      | Gained mutation: You possess an exceptional clarity of mind. [potion of mutation]
  2739 | D:4      | Reached XP level 7. HP: 50/57 MP: 6/6
  3300 | D:5      | Entered Level 5 of the Dungeon
  3377 | D:5      | Noticed brainwrinkle's ghost (novice OpTm)
  3390 | D:5      | Killed brainwrinkle's ghost
  3390 | D:5      | Reached skill level 7 in Long Blades
  3411 | D:5      | Found a sparkling altar of Nemelex Xobeh.
  3669 | D:5      | Reached skill level 1 in Invocations
  3669 | D:5      | Reached XP level 8. HP: 64/64 MP: 7/7
  3688 | D:5      | Reached **** piety under Lugonu
  3787 | D:5      | Gained mutation: Your flesh is cold resistant. (rC+) [evolution]
  4322 | D:6      | Reached skill level 5 in Short Blades
  4623 | D:7      | Reached skill level 8 in Long Blades
  4631 | D:7      | Noticed Pikel
  4656 | D:7      | Killed Pikel
  4656 | D:7      | Reached XP level 9. HP: 48/70 MP: 8/10
  4712 | D:7      | Found a staircase to the Ecumenical Temple.
  4730 | D:7      | Noticed Prince Ribbit
  4747 | D:7      | Reached skill level 5 in Shields
  4761 | D:7      | Killed Prince Ribbit
  5118 | D:7      | Noticed Menkaure
  5126 | D:7      | Killed Menkaure
  5501 | Temple   | Entered the Ecumenical Temple
  5788 | D:8      | Found a bloodstained altar of Trog.
  5813 | D:8      | Reached skill level 9 in Long Blades
  6517 | D:8      | HP: 2/70 [two-headed ogre/giant club (20)]
  6627 | D:8      | Lost mutation: Your flesh is cold resistant. (rC+) [evolution]
  6893 | D:9      | Reached XP level 10. HP: 65/77 MP: 12/12
  7368 | D:9      | Reached skill level 5 in Invocations
  7597 | D:9      | Reached ***** piety under Lugonu
  7612 | D:9      | Reached skill level 10 in Long Blades
  7638 | D:9      | Noticed a three-headed hydra
  7646 | D:9      | Killed a three-headed hydra
  7871 | D:10     | Entered Level 10 of the Dungeon
  7960 | D:10     | Gained mutation: Your mind is acute. (Int +2) [mutagenic meat]
  7961 | D:10     | Gained mutation: You are partially covered in thin metallic scales. (AC +2) [mutagenic meat]
  7962 | D:10     | Lost mutation: Your muscles are strong. (Str +2) [mutagenic meat]
  7963 | D:10     | Gained mutation: You are mostly covered in thin metallic scales. (AC +3) [mutagenic meat]
  8127 | D:10     | Found Ebla's Antique Weapon Shoppe.
  8171 | D:10     | Found a staircase to the Lair.
  8171 | D:10     | Noticed an oklob plant
  8178 | D:10     | Killed an oklob plant
  8178 | D:10     | Reached XP level 11. HP: 70/82 MP: 14/14
  8417 | Abyss:1  | Noticed a wretched star
  8430 | Abyss:1  | Noticed a rakshasa
  8443 | Abyss:1  | Noticed an Executioner
  8515 | Abyss:2  | Noticed a cyan very ugly thing
  8515 | Abyss:2  | Noticed a cyan very ugly thing
  8516 | D:10     | Escaped the Abyss
  8529 | D:10     | Reached skill level 10 in Dodging
  8689 | D:10     | Bought a glowing rapier for 290 gold pieces
  8732 | Lair:1   | Entered Level 1 of the Lair of Beasts
  8780 | Lair:1   | Noticed a six-headed hydra
  8781 | Lair:1   | Banished a six-headed hydra
  8809 | Lair:1   | Lost mutation: You possess an exceptional clarity of mind. [evolution]
  8836 | Lair:1   | Reached skill level 11 in Long Blades
  9766 | Lair:2   | Found a staircase to the Snake Pit.
 10624 | Lair:3   | Reached XP level 12. HP: 79/90 MP: 16/16
 10647 | Lair:3   | Reached skill level 10 in Shields
 10760 | Lair:3   | Noticed Urug
 10819 | Lair:3   | Found a staircase to the Swamp.
 10839 | Lair:3   | Reached skill level 12 in Long Blades
 11122 | Lair:3   | Found a dark tunnel.
 11129 | Volcano  | Entered a volcano
 11354 | Volcano  | Noticed a centaur warrior
 11359 | Volcano  | Reached skill level 10 in Short Blades
 11364 | Volcano  | Noticed a red draconian
 11367 | Volcano  | Banished a red draconian
 11368 | Volcano  | Banished a centaur warrior
 11648 | Volcano  | Found a bloodstained altar of Trog.
 11728 | Volcano  | Found a burning altar of Makhleb.
 11903 | Lair:3   | Killed Urug
 12116 | Lair:3   | Noticed a catoblepas
 12418 | Lair:4   | Noticed a six-headed hydra
 12419 | Lair:4   | Banished a six-headed hydra
 13273 | Lair:5   | Reached XP level 13. HP: 95/95 MP: 18/18
 13320 | Lair:5   | Reached skill level 13 in Long Blades
 13645 | Lair:5   | Gained mutation: Your muscles are strong. (Str +2) [evolution]
 13645 | Lair:5   | Lost mutation: You evolve. [end of evolution]
 13660 | Lair:5   | Found a staircase to the Slime Pits.
 13767 | Lair:6   | Entered Level 6 of the Lair of Beasts
 14279 | Lair:6   | Reached skill level 10 in Invocations
 15169 | Lair:6   | Noticed a fire dragon
 15193 | Lair:6   | Killed a fire dragon
 15218 | Lair:6   | Reached XP level 14. HP: 61/102 MP: 20/20
 15595 | Lair:6   | Found a runed door.
 15616 | Lair:6   | Reached skill level 14 in Long Blades
 16401 | Swamp:1  | Entered Level 1 of the Swamp
 16670 | Swamp:1  | Noticed Aizul
 17447 | D:12     | Gained mutation: You are surrounded by a mild repulsion field. (EV +2) [potion of mutation]
 17454 | D:12     | Found a stormy altar of Qazlal.
 17478 | D:12     | Found a portal to a secret trove of treasure.
 17668 | D:12     | Reached ****** piety under Lugonu
 17950 | D:12     | Found a staircase to the Orcish Mines.
 17960 | Orc:1    | Entered Level 1 of the Orcish Mines
 18543 | Orc:2    | Entered Level 2 of the Orcish Mines
 18599 | Orc:2    | Found a staircase to the Elven Halls.
 18837 | Orc:2    | Noticed a stone giant
 18838 | Orc:2    | Banished a stone giant
 18903 | Orc:2    | Found Diwareto's Assorted Antiques.
 18914 | Orc:2    | Bought a runed falchion for 234 gold pieces
 18914 | Orc:2    | Bought a faintly glowing robe for 148 gold pieces
 18914 | Orc:2    | Bought a scroll of teleportation for 78 gold pieces
 18914 | Orc:2    | Bought a scroll of immolation for 91 gold pieces
 18924 | Orc:2    | Identified the +1 robe of the Jabberwock {Str+7 Int+3} (You bought it in a shop on level 2 of the Orcish Mines)
 19191 | Orc:2    | Noticed an orc warlord
 19206 | Orc:2    | Killed an orc warlord
 19408 | Orc:2    | Found Bofad's Antique Armour Shop.
 19447 | Orc:2    | Found an ancient bone altar of Kikubaaqudgha.
 19448 | Orc:2    | Noticed Nergalle
 19475 | Orc:2    | Killed Nergalle
 19502 | Orc:2    | Found Optianer's Magic Scroll Shop.
 19518 | Orc:2    | Noticed Erolcha
 19537 | Orc:2    | Killed Erolcha
 19544 | Orc:2    | Found a radiant altar of Vehumet.
 19552 | Orc:2    | Bought a scroll of brand weapon for 240 gold pieces
 19581 | Orc:2    | Found a roughly hewn altar of Beogh.
 19592 | Orc:2    | Paralysed by an orc sorcerer for 7 turns
 19878 | Orc:2    | Found Tyeg's Antique Weapon Boutique.
 19943 | Orc:2    | Found Etuus's Book Boutique.
 20447 | Lair:6   | Got a scorched triple sword
 20454 | Lair:6   | Identified the cursed +0 triple sword "Widuh" {drain, Str+3 Int+3} (You found it on level 6 of the Lair of Beasts)
 20592 | Snake:1  | Entered Level 1 of the Snake Pit
 20807 | Snake:1  | Found an opulent altar of Gozag.
 21575 | D:11     | Learned a level 1 spell: Summon Butterflies
 21775 | D:13     | Found a radiant altar of Vehumet.
 22109 | D:14     | Reached XP level 15. HP: 107/107 MP: 22/22
 22121 | D:14     | Reached skill level 15 in Long Blades
 22251 | D:14     | Reached skill level 1 in Summonings
 22266 | D:14     | Found a gate to the Vaults.
 22411 | D:14     | Found a bloodstained altar of Trog.
 22432 | D:14     | Found a labyrinth entrance.
 22446 | Lab      | Entered a labyrinth
 23827 | D:15     | Entered Level 15 of the Dungeon
 25465 | D:3      | Identified a +2 rapier of distortion (a +0 rapier corrupted by Lugonu)
 25465 | D:3      | Received a gift from Lugonu
 26141 | Swamp:1  | Banished Aizul
 26141 | Swamp:1  | Reached skill level 1 in Evocations
 26456 | Swamp:2  | Noticed a thorn hunter
 26480 | Swamp:2  | Killed a thorn hunter
 28128 | Swamp:3  | Noticed Jorgrun
 28148 | Swamp:3  | Killed Jorgrun
 28148 | Swamp:3  | Reached XP level 16. HP: 92/115 MP: 24/24
 28420 | Swamp:4  | Entered Level 4 of the Swamp
 28677 | Swamp:4  | Noticed a thorn hunter
 28770 | Abyss:1  | Found a basalt altar of Yredelemnul.
 28954 | Abyss:1  | Noticed a tentacled starspawn
 29080 | Abyss:1  | Noticed a tentacled starspawn
 29083 | Swamp:4  | Escaped the Abyss
 29085 | Swamp:4  | Corrupted Swamp:4
 29732 | Swamp:3  | Killed a thorn hunter
 30890 | Swamp:4  | Reached skill level 16 in Long Blades
 31542 | Swamp:4  | Got a decaying rune of Zot
 31983 | Swamp:1  | Reached skill level 15 in Dodging
 32213 | Elf:1    | Entered Level 1 of the Elven Halls
 32338 | Orc:2    | Bought a crude ring mail for 288 gold pieces
 32338 | Orc:2    | Bought an ancient ring mail for 288 gold pieces
 32348 | Orc:2    | Identified the +4 ring mail of Context {rC+ Dex+5} (You bought it in a shop on level 2 of the Orcish Mines)
 32360 | Orc:2    | Identified the +4 ring mail of Foghoj {rN+} (You bought it in a shop on level 2 of the Orcish Mines)
 32848 | Snake:1  | Reached skill level 15 in Shields
 33458 | Snake:1  | Learned a level 3 spell: Call Canine Familiar
 33660 | Snake:2  | Reached skill level 5 in Evocations
 33990 | Snake:2  | Reached XP level 17. HP: 89/121 MP: 25/25
 35068 | Snake:3  | Identified a +2 rod of clouds (10/10) (You found it on level 3 of the Snake Pit)
 35157 | Snake:3  | Noticed Vashnia
 35466 | Snake:3  | Noticed Saint Roka
 35528 | Abyss:1  | Killed Aizul
 35894 | Snake:3  | Escaped the Abyss
 36041 | Snake:3  | Noticed Mara
 36054 | Snake:3  | Noticed Grinner's illusion
 36828 | Snake:4  | Entered Level 4 of the Snake Pit
 36881 | Snake:4  | Corrupted Snake:4
 36881 | Snake:4  | Noticed a profane servitor
 36881 | Snake:4  | Noticed a bone dragon
 36881 | Snake:4  | Noticed an ancient lich
 37215 | Snake:4  | Reached skill level 17 in Long Blades
 39377 | Snake:3  | HP: 6/121 [Mara/demon trident of electrocution (13)]
 39379 | Snake:3  | Noticed Grinner's illusion
 39956 | Vaults:1 | Entered Level 1 of the Vaults
 40369 | Vaults:2 | Corrupted Vaults:2
 40704 | Vaults:2 | Cast into level 2 of the Abyss (a deep elf sorcerer)
 40982 | Vaults:2 | Escaped the Abyss
 41460 | Vaults:2 | Reached XP level 18. HP: 127/127 MP: 27/27
 41674 | Vaults:2 | Killed from afar by a deep elf annihilator

Skill      XL: |  1  2  3  4  5  6  7  8  9 10 11 12 13 14 15 16 17 |
---------------+----------------------------------------------------+-----
Long Blades    | 4 5 6 7 8 9 10 11 12 13 14 15 16 17 | 17.0
Dodging        | 4 5 6 7 8 9 10 12 13 14 15 16 | 16.5
Short Blades   | 2 3 4 5 7 8 9 10 11 12 13 | 13.9
Shields        | 2 4 6 8 9 11 12 13 14 15 16 | 16.5
Invocations    | 1 3 4 6 7 9 10 11 12 13 14 | 14.2
Summonings     | 3 4 |  4.0
Evocations     | 2 5 7 |  7.4
Fighting       | |  3.6
Stealth        | |  1.5

Action                   |  1- 3 |  4- 6 |  7- 9 | 10-12 | 13-15 | 16-18 || total
-------------------------+-------+-------+-------+-------+-------+-------++-------
Melee: Falchion          |    23 |     5 |    44 |   254 |  1796 |   475 ||  2597
       Headbutt          |    13 |    17 |    92 |   266 |   634 |   539 ||  1561
       Short sword       |    40 |    89 |   251 |   557 |    84 |       ||  1021
       Rapier            |       |       |       |       |   449 |  1367 ||  1816
 Cast: Summon Butterflie |       |       |       |       |     1 |     2 ||     3
Invok: Bend Space        |       |     1 |       |       |     6 |     4 ||    11
       Banish            |       |       |       |     5 |    11 |    14 ||    30
       Enter the Abyss   |       |       |       |     1 |       |     2 ||     3
       Depart the Abyss  |       |       |       |     1 |       |     2 ||     3
       Brand Weapon With |       |       |       |       |     1 |       ||     1
       Corrupt           |       |       |       |       |       |     3 ||     3
Evoke: Wand              |       |       |       |     4 |    14 |    13 ||    31
       Fan of gales      |       |       |       |       |     1 |     1 ||     2
       Phial of floods   |       |       |       |       |       |     3 ||     3
       Rod               |       |       |       |       |       |     7 ||     7
  Use: Scroll            |       |     8 |     3 |    14 |    20 |    21 ||    66
       Potion            |       |     4 |     3 |     6 |     7 |    14 ||    34
 Stab: Sleeping          |     5 |     5 |     9 |     9 |       |     1 ||    29
       Confused          |       |       |       |       |     4 |       ||     4
       Distracted        |       |       |       |       |     1 |     3 ||     4
       Paralysed         |       |       |       |       |       |     1 ||     1
  Eat: Chunk             |     1 |     5 |     8 |    18 |    25 |     3 ||    60
       Meat ration       |       |       |     1 |     1 |     1 |     4 ||     7
       Pizza             |       |       |       |     2 |     4 |     1 ||     7
       Beef jerky        |       |       |       |       |     1 |     1 ||     2
       Bread ration      |       |       |       |       |     4 |     7 ||    11
Armor: Robe              |     6 |     6 |    34 |    57 |       |       ||   103
       Ring mail         |       |       |       |    42 |   229 |   103 ||   374
       Swamp dragon scal |       |       |       |       |       |    83 ||    83
Dodge: Dodged            |    31 |    61 |   135 |   435 |   653 |   662 ||  1977
Block: Shield            |       |       |   114 |   392 |  1137 |  1283 ||  2926
       Reflection        |       |       |       |       |    40 |   151 ||   191
       Other             |       |       |       |       |    11 |       ||    11
       Rpst.: Falchion   |     3 |       |     5 |    28 |   109 |    35 ||   180
